AoeStats
← vitor_age2

Golden Pit

509377991Analyzed
1v1 RM · 4d ago on Sep 26, 2026· 47m 51s· 2 players
Game mode
Random Map
Map size
Tiny (2 player)
Population
200
Speed
Normal
Resources
Standard
Victory
Conquest
Starting age
Dark Age
Ending age
Imperial Age
RankedLock teamsTeams togetherTeam positionsShared explorationLock speedFull tech treeHidden civsTurbo modeCheats
Victory
Defeat
🇧🇷 Varangians · Brazil
740
+15
🇺🇸 Saxons · United States
711
-15
QueenCowboy
9:26 Loom
11:11 Feudal Age
13:11 Wheelbarrow
12:24 Double-Bit Axe
21:08 Gold Mining
24:08 Castle Age
23:00 Fletching
23:10 Padded Archer Armor
24:34 Crossbowman
25:19 Thumb Ring
27:40 Bodkin Arrow
28:01 Leather Archer Armor
30:08 Hand Cart
31:39 Gold Shaft Mining
30:54 Stone Mining
33:46 Forging
35:02 Pikeman
38:13 Pikeman
38:54 Squires
38:39 Gambesons
45:13 Imperial Age
43:46 Forging
43:36 Scale Mail Armor
45:29 Halberdier
45:36 Arbalester
46:36 Chain Mail Armor
46:56 Iron Casting
vitor_age2
6:39 Loom
9:44 Feudal Age
10:58 Double-Bit Axe
16:57 Castle Age
15:47 Horse Collar
17:17 Scale Barding Armor
19:47 Bloodlines
20:10 Bow Saw
20:23 Husbandry
25:33 Chain Barding Armor
25:25 Forging
26:17 Wheelbarrow
25:36 Town Watch
28:29 Gold Mining
30:40 Iron Casting
30:56 Heavy Plow
31:27 Light Cavalry
32:45 Vendel Legacy
35:27 Hand Cart
35:38 Murder Holes
39:12 Imperial Age
40:33 Plate Barding Armor
39:22 Cavalier
41:46 Crop Rotation
43:28 Two-Man Saw
43:34 Conscription
45:44 Blast Furnace
45:04 Hussar
47:11 Fletching
Connection lost

Rejoining the realm…

Still unreachable

The connection could not be restored.

Session expired

The server has moved on; the page needs a fresh start.